TOP OF THE 1ST |
Coastal Carolina University Chanticleers batting - Pitching for Louisiana State University Tigers : RHP Mike Moore
|
Pitching: RHP Mike Moore
|
|
Batting: RHB Tatsunori Ishigaki
|
0-0: Called Strike 0-1: Foul Ball, location: 2F 0-2: Foul Ball, location: 2F 0-2: Ball 1-2: SOLO HOME RUN (Flyball, 89XD, EV 108.8 MPH), Distance : 400 ft
|
Batting: RHB Fernando Tovar
|
0-0: Ball 1-0: Ball 2-0: Ball 3-0: Called Strike 3-1: Base on Balls
|
Batting: LHB Orlando Hurtado
|
0-0: Ball 1-0: Grounds into double play, 4-6-3 (Groundball, 4, EV 90.0 MPH)
|
Batting: RHB Chris McDaniel
|
0-0: SINGLE (Groundball, 6, EV 95.6 MPH)
|
Batting: RHB Mike Grogan
|
0-0: Called Strike 0-1: Called Strike 0-2: Foul Ball, location: 2F 0-2: Ball 1-2: Strikes out swinging
|
Top of the 1st over - 1 run, 2 hits, 0 errors, 1 left on base; Coastal Carolina University 1 - Louisiana State University 0 |
BOTTOM OF THE 1ST |
Louisiana State University Tigers batting - Pitching for Coastal Carolina University Chanticleers : RHP Oscar Fajardo
|
Pitching: RHP Oscar Fajardo
|
|
Batting: LHB John Carter
|
0-0: Foul Ball, location: 2F 0-1: Foul Ball, location: 2F 0-2: Ball 1-2: Ball 2-2: Fly out, F7 (Flyball, 7LS, EV 91.9 MPH)
|
Batting: RHB Winston Vasquez
|
0-0: Ball 1-0: Ball 2-0: Reached on error, E3 (Groundball, 34S, EV 91.2 MPH)
|
Batting: RHB Keith Ashton
|
0-0: Fly out, F9 (Flyball, 9LS, EV 90.6 MPH)
|
Batting: LHB Matt Ellington
|
0-0: Called Strike 0-1: Swinging Strike 0-2: Ball 1-2: Ball 2-2: 2-RUN HOME RUN (Flyball, 89XD, EV 105.6 MPH), Distance : 409 ft
|
Batting: LHB Manny Grado
|
0-0: Called Strike 0-1: Foul Ball, location: 2F 0-2: Ball 1-2: Strikes out looking
|
Bottom of the 1st over - 2 runs, 1 hit, 1 error, 0 left on base; Coastal Carolina University 1 - Louisiana State University 2 |
TOP OF THE 2ND |
Coastal Carolina University Chanticleers batting - Pitching for Louisiana State University Tigers : RHP Mike Moore
|
Batting: LHB Justin Sanders
|
0-0: Called Strike 0-1: Foul Ball, location: 2F 0-2: Strikes out swinging
|
Batting: RHB Rene Napoles
|
0-0: Ball 1-0: Ball 2-0: Called Strike 2-1: Foul Ball, location: 2F 2-2: Ball 3-2: Strikes out swinging
|
Batting: RHB Tristan Williams
|
0-0: Fly out, F8 (Flyball, 8LM, EV 86.2 MPH)
|
Top of the 2nd over - 0 runs, 0 hits, 0 errors, 0 left on base; Coastal Carolina University 1 - Louisiana State University 2 |
BOTTOM OF THE 2ND |
Louisiana State University Tigers batting - Pitching for Coastal Carolina University Chanticleers : RHP Oscar Fajardo
|
Batting: RHB D.J. Ganz
|
0-0: Ground out 4-3 (Groundball, 4, EV 88.8 MPH)
|
Batting: SHB Brian Caruso
|
0-0: Foul Ball, location: 2F 0-1: Ball 1-1: Foul Ball, location: 2F 1-2: Strikes out swinging
|
Batting: RHB Byung-hee Jee
|
0-0: Ball 1-0: Swinging Strike 1-1: Swinging Strike 1-2: Foul Ball, location: 2F 1-2: Strikes out looking
|
Bottom of the 2nd over - 0 runs, 0 hits, 0 errors, 0 left on base; Coastal Carolina University 1 - Louisiana State University 2 |
TOP OF THE 3RD |
Coastal Carolina University Chanticleers batting - Pitching for Louisiana State University Tigers : RHP Mike Moore
|
Batting: SHB Iher Waithaka
|
0-0: Ball 1-0: Called Strike 1-1: Ball 2-1: Called Strike 2-2: Foul Ball, location: 2F 2-2: Ground out 6-3 (Groundball, 6, EV 101.9 MPH)
|
Batting: RHB Tatsunori Ishigaki
|
0-0: Ball 1-0: DOUBLE (Line Drive, 78D, EV 111.2 MPH)
|
Batting: RHB Fernando Tovar
|
0-0: Ball 1-0: Ball 2-0: Called Strike 2-1: Fly out, F5 (Popup, 15, EV 80.6 MPH)
|
Batting: LHB Orlando Hurtado
|
0-0: Ground out 6-3 (Groundball, 6M, EV 78.1 MPH)
|
Top of the 3rd over - 0 runs, 1 hit, 0 errors, 1 left on base; Coastal Carolina University 1 - Louisiana State University 2 |
BOTTOM OF THE 3RD |
Louisiana State University Tigers batting - Pitching for Coastal Carolina University Chanticleers : RHP Oscar Fajardo
|
Batting: RHB Zachary Acker
|
0-0: Foul Ball, location: 2F 0-1: Ball 1-1: Ball 2-1: Swinging Strike 2-2: Ball 3-2: Foul Ball, location: 2F 3-2: Strikes out swinging
|
Batting: LHB John Carter
|
0-0: Ball 1-0: Foul Ball, location: 2F 1-1: Swinging Strike 1-2: Strikes out looking
|
Batting: RHB Winston Vasquez
|
0-0: Called Strike 0-1: Ball 1-1: Called Strike 1-2: Ball 2-2: Foul Ball, location: 2F 2-2: Ball 3-2: Base on Balls
|
Batting: RHB Keith Ashton
|
0-0: Ball 1-0: Ball 2-0: Foul Ball, location: 2F 2-1: Ball 3-1: Called Strike 3-2: SINGLE (Line Drive, 7S, EV 96.9 MPH) Winston Vasquez to second Winston Vasquez to third
|
Batting: LHB Matt Ellington
|
0-0: Foul Ball, location: 2F 0-1: Ball 1-1: Foul Ball, location: 2F 1-2: Ball 2-2: Ball 3-2: Base on Balls Keith Ashton to second
|
Batting: LHB Manny Grado
|
0-0: Called Strike 0-1: Ball 1-1: Foul Ball, location: 2F 1-2: Foul Ball, location: 2F 1-2: Strikes out swinging
|
Bottom of the 3rd over - 0 runs, 1 hit, 0 errors, 3 left on base; Coastal Carolina University 1 - Louisiana State University 2 |
TOP OF THE 4TH |
Coastal Carolina University Chanticleers batting - Pitching for Louisiana State University Tigers : RHP Mike Moore
|
Batting: RHB Chris McDaniel
|
0-0: Called Strike 0-1: Fly out, F7 (Flyball, 78S, EV 96.2 MPH)
|
Batting: RHB Mike Grogan
|
0-0: Ground out 4-3 (Groundball, 4, EV 84.4 MPH)
|
Batting: LHB Justin Sanders
|
0-0: Ball 1-0: Foul Ball, location: 2F 1-1: Foul Ball, location: 2F 1-2: Ball 2-2: Strikes out swinging
|
Top of the 4th over - 0 runs, 0 hits, 0 errors, 0 left on base; Coastal Carolina University 1 - Louisiana State University 2 |
BOTTOM OF THE 4TH |
Louisiana State University Tigers batting - Pitching for Coastal Carolina University Chanticleers : RHP Oscar Fajardo
|
Batting: RHB D.J. Ganz
|
0-0: Fly out, F8 (Flyball, 8LD, EV 96.9 MPH)
|
Batting: SHB Brian Caruso
|
0-0: Ball 1-0: Called Strike 1-1: Foul Ball, location: 2F 1-2: SINGLE (Groundball, 34D, EV 88.8 MPH) (infield hit)
|
Batting: RHB Byung-hee Jee
|
0-0: Fly out, F4 (Popup, 4, EV 70.0 MPH)
|
Batting: RHB Zachary Acker
|
0-0: Fly out, F7 (Flyball, 7, EV 87.5 MPH)
|
Bottom of the 4th over - 0 runs, 1 hit, 0 errors, 1 left on base; Coastal Carolina University 1 - Louisiana State University 2 |
TOP OF THE 5TH |
Coastal Carolina University Chanticleers batting - Pitching for Louisiana State University Tigers : RHP Mike Moore
|
Batting: RHB Rene Napoles
|
0-0: Ball 1-0: Ball 2-0: Foul Ball, location: 2F 2-1: Foul Ball, location: 2F 2-2: Ball 3-2: Reached on error, E6 (Groundball, 6S, EV 88.8 MPH)
|
Batting: RHB Tristan Williams
|
0-0: Ball Rene Napoles steals 3rd base 1-0: Foul Ball, location: 2F 1-1: Ground out 3-1 (Groundball, 34S, EV 90.0 MPH) Rene Napoles scores
|
Batting: SHB Iher Waithaka
|
0-0: Ball 1-0: Foul Ball, location: 2F 1-1: Ball 2-1: Ball 3-1: Ground out 4-3 (Groundball, 34, EV 80.6 MPH)
|
Batting: RHB Tatsunori Ishigaki
|
0-0: Ball 1-0: Foul Ball, location: 2F 1-1: Foul Ball, location: 2F 1-2: Ball 2-2: Ball 3-2: Base on Balls
|
Batting: RHB Fernando Tovar
|
0-0: Ball 1-0: Called Strike 1-1: Foul Ball, location: 2F 1-2: Ball 2-2: Hit by Pitch Tatsunori Ishigaki to second
|
Batting: LHB Orlando Hurtado
|
0-0: Foul Ball, location: 2F 0-1: Foul Ball, location: 2F 0-2: Ball 1-2: SINGLE (Line Drive, 8LS, EV 91.9 MPH) Tatsunori Ishigaki to third Fernando Tovar to second Runner from 3rd tries for Home, SAFE, throw by CF to home
|
Pitching: LHP Nathan Waters
|
|
Batting: RHB Chris McDaniel
|
0-0: Swinging Strike 0-1: Ball 1-1: Ball 2-1: Ball 3-1: Swinging Strike 3-2: Foul Ball, location: 2F 3-2: Foul Ball, location: 2F 3-2: Foul Ball, location: 2F 3-2: Strikes out swinging
|
Top of the 5th over - 2 runs, 1 hit, 1 error, 2 left on base; Coastal Carolina University 3 - Louisiana State University 2 |
BOTTOM OF THE 5TH |
Louisiana State University Tigers batting - Pitching for Coastal Carolina University Chanticleers : RHP Oscar Fajardo
|
Batting: LHB John Carter
|
0-0: Ball 1-0: Called Strike 1-1: Foul Ball, location: 2F 1-2: Strikes out swinging
|
Batting: RHB Winston Vasquez
|
0-0: Called Strike 0-1: Swinging Strike 0-2: Ball 1-2: Ball 2-2: Ground out 4-3 (Groundball, 4M, EV 100.0 MPH)
|
Batting: RHB Keith Ashton
|
0-0: Swinging Strike 0-1: Foul Ball, location: 2F 0-2: Ball 1-2: Foul Ball, location: 2F 1-2: Ball 2-2: Ground out 5-3 (Groundball, 5, EV 83.8 MPH)
|
Bottom of the 5th over - 0 runs, 0 hits, 0 errors, 0 left on base; Coastal Carolina University 3 - Louisiana State University 2 |
TOP OF THE 6TH |
Coastal Carolina University Chanticleers batting - Pitching for Louisiana State University Tigers : LHP Nathan Waters
|
Batting: RHB Mike Grogan
|
0-0: Ball 1-0: Ball 2-0: Ball 3-0: Called Strike 3-1: Base on Balls
|
Batting: LHB Justin Sanders
|
0-0: Ball 1-0: Foul Ball, location: 2F 1-1: Foul Ball, location: 2F 1-2: Foul Ball, location: 2F 1-2: Foul Ball, location: 2F 1-2: Fly out, F5 (Popup, 56, EV 73.8 MPH)
|
Batting: RHB Rene Napoles
|
0-0: Ball 1-0: Ball 2-0: Reached on error, E6 (Groundball, 6, EV 83.1 MPH) Mike Grogan to second
|
Batting: RHB Tristan Williams
|
0-0: Called Strike 0-1: Foul Ball, location: 2F 0-2: Foul Ball, location: 2F 0-2: Ball 1-2: Ball 2-2: Ball 3-2: SINGLE (Groundball, 6S, EV 63.1 MPH) (infield hit) Mike Grogan to third Rene Napoles to second
|
Batting: SHB Iher Waithaka
|
0-0: Ball 1-0: Called Strike 1-1: Swinging Strike 1-2: Ball 2-2: Ball 3-2: Foul Ball, location: 2F 3-2: Strikes out looking
|
Batting: RHB Tatsunori Ishigaki
|
0-0: Fly out, F9 (Flyball, 9LM, EV 85.6 MPH)
|
Top of the 6th over - 0 runs, 1 hit, 1 error, 3 left on base; Coastal Carolina University 3 - Louisiana State University 2 |
BOTTOM OF THE 6TH |
Louisiana State University Tigers batting - Pitching for Coastal Carolina University Chanticleers : RHP Oscar Fajardo
|
Pitching: RHP Jeff Box
|
|
Batting: LHB Matt Ellington
|
0-0: Called Strike 0-1: Ball 1-1: Called Strike 1-2: Strikes out looking
|
Batting: LHB Manny Grado
|
0-0: Ball 1-0: Foul Ball, location: 2F 1-1: Ball 2-1: Ball 3-1: Base on Balls
|
Batting: RHB D.J. Ganz
|
0-0: Fly out, F7 (Flyball, 7, EV 86.2 MPH)
|
Batting: SHB Brian Caruso
|
0-0: Ball 1-0: Ball 2-0: Called Strike 2-1: Foul Ball, location: 2F 2-2: Foul Ball, location: 2F 2-2: Ground out U3 (Groundball, 3, EV 77.5 MPH)
|
Bottom of the 6th over - 0 runs, 0 hits, 0 errors, 1 left on base; Coastal Carolina University 3 - Louisiana State University 2 |
TOP OF THE 7TH |
Coastal Carolina University Chanticleers batting - Pitching for Louisiana State University Tigers : LHP Nathan Waters
|
Pitching: LHP Logan Corrigan
|
|
Batting: RHB Fernando Tovar
|
0-0: SOLO HOME RUN (Flyball, 7LD, EV 94.4 MPH), Distance : 359 ft
|
Batting: LHB Orlando Hurtado
|
0-0: Ball 1-0: Ground out 4-3 (Groundball, 4, EV 101.9 MPH)
|
Batting: RHB Chris McDaniel
|
0-0: Ball 1-0: Called Strike 1-1: Foul Ball, location: 2F 1-2: Ground out 5-3 (Groundball, 5D, EV 92.5 MPH)
|
Batting: RHB Mike Grogan
|
0-0: Swinging Strike 0-1: Called Strike 0-2: Strikes out swinging
|
Top of the 7th over - 1 run, 1 hit, 0 errors, 0 left on base; Coastal Carolina University 4 - Louisiana State University 2 |
BOTTOM OF THE 7TH |
Louisiana State University Tigers batting - Pitching for Coastal Carolina University Chanticleers : RHP Jeff Box
|
Pitching: LHP Kurt Koehn
|
|
Batting: RHB Byung-hee Jee
|
0-0: Ball 1-0: Foul Ball, location: 2F 1-1: Ball 2-1: Ball 3-1: Called Strike 3-2: SINGLE (Groundball, 4D, EV 98.8 MPH)
|
Batting: RHB Zachary Acker
|
0-0: Called Strike 0-1: Foul Ball, location: 2F 0-2: Ball 1-2: Ball 2-2: Ball 3-2: Foul Ball, location: 2F 3-2: Base on Balls Byung-hee Jee to second
|
Batting: LHB John Carter
|
0-0: Bunt missed! 0-1: Bunted foul 0-2: Ball 1-2: SINGLE (Line Drive, 7S, EV 101.2 MPH) Byung-hee Jee to third Zachary Acker to second
|
Pinch Hitting: RHB Stewart Walker
|
0-0: Grounds into fielders choice 6-2 (Groundball, 6, EV 85.6 MPH) Zachary Acker to third John Carter to second
|
Pitching: RHP Quentin Archdeacon
|
|
Pinch Hitting: LHB Jon Valdez
|
0-0: Called Strike 0-1: Called Strike 0-2: Ball 1-2: Foul Ball, location: 2F 1-2: Foul Ball, location: 2F 1-2: Ball 2-2: Strikes out looking
|
Batting: LHB Matt Ellington
|
0-0: Ball 1-0: Fielders Choice at 2nd, 6-4 (Groundball, 6D, EV 106.9 MPH)
|
Bottom of the 7th over - 0 runs, 2 hits, 0 errors, 3 left on base; Coastal Carolina University 4 - Louisiana State University 2 |
TOP OF THE 8TH |
Coastal Carolina University Chanticleers batting - Pitching for Louisiana State University Tigers : LHP Logan Corrigan
|
Now at 2B: Michael Maier
|
|
Now at 3B: Stewart Walker
|
|
Batting: LHB Justin Sanders
|
0-0: Called Strike 0-1: Ball 1-1: Ball 2-1: Swinging Strike 2-2: Strikes out swinging
|
Batting: RHB Rene Napoles
|
0-0: Swinging Strike 0-1: Swinging Strike 0-2: Foul Ball, location: 2F 0-2: Foul Ball, location: 2F 0-2: Ball 1-2: Strikes out swinging
|
Batting: RHB Tristan Williams
|
0-0: Ball 1-0: Called Strike 1-1: Called Strike 1-2: Ball 2-2: Strikes out swinging
|
Top of the 8th over - 0 runs, 0 hits, 0 errors, 0 left on base; Coastal Carolina University 4 - Louisiana State University 2 |
BOTTOM OF THE 8TH |
Louisiana State University Tigers batting - Pitching for Coastal Carolina University Chanticleers : RHP Quentin Archdeacon
|
Pitching: RHP Danny Wood
|
|
Batting: LHB Manny Grado
|
0-0: Foul Ball, location: 2F 0-1: Ball 1-1: Foul Ball, location: 2F 1-2: Foul Ball, location: 2F 1-2: Strikes out swinging
|
Batting: RHB D.J. Ganz
|
0-0: Called Strike 0-1: Called Strike 0-2: Ball 1-2: Ball 2-2: Ground out 5-3 (Groundball, 56, EV 95.6 MPH)
|
Batting: SHB Brian Caruso
|
0-0: Foul Ball, location: 2F 0-1: Called Strike 0-2: Strikes out looking
|
Bottom of the 8th over - 0 runs, 0 hits, 0 errors, 0 left on base; Coastal Carolina University 4 - Louisiana State University 2 |
TOP OF THE 9TH |
Coastal Carolina University Chanticleers batting - Pitching for Louisiana State University Tigers : LHP Logan Corrigan
|
Pitching: LHP Bob Arms
|
|
Batting: SHB Iher Waithaka
|
0-0: Ground out 5-3 (Groundball, 5, EV 84.4 MPH)
|
Batting: RHB Tatsunori Ishigaki
|
0-0: Ground out 4-3 (Groundball, 4, EV 104.4 MPH)
|
Batting: RHB Fernando Tovar
|
0-0: Called Strike 0-1: Ball 1-1: Ball 2-1: Ball 3-1: Base on Balls
|
Batting: LHB Orlando Hurtado
|
0-0: Called Strike 0-1: Ball 1-1: 2-RUN HOME RUN (Flyball, 8LXD, EV 115.6 MPH), Distance : 451 ft
|
Batting: RHB Chris McDaniel
|
0-0: Foul Ball, location: 2F 0-1: Ground out 6-3 (Groundball, 6, EV 93.8 MPH)
|
Top of the 9th over - 2 runs, 1 hit, 0 errors, 0 left on base; Coastal Carolina University 6 - Louisiana State University 2 |
BOTTOM OF THE 9TH |
Louisiana State University Tigers batting - Pitching for Coastal Carolina University Chanticleers : RHP Danny Wood
|
Pitching: RHP Matt Schnurer
|
|
Batting: RHB Byung-hee Jee
|
0-0: Foul Ball, location: 2F 0-1: Foul Ball, location: 2F 0-2: Ground out 5-3 (Groundball, 56, EV 103.1 MPH)
|
Batting: RHB Zachary Acker
|
0-0: Called Strike 0-1: Foul Ball, location: 2F 0-2: Ball 1-2: Foul Ball, location: 2F 1-2: Strikes out looking
|
Batting: LHB John Carter
|
0-0: Called Strike 0-1: Ball 1-1: Foul Ball, location: 2F 1-2: Ball 2-2: Strikes out swinging
|
Bottom of the 9th over - 0 runs, 0 hits, 0 errors, 0 left on base; Coastal Carolina University 6 - Louisiana State University 2 |
|